 Dungeon Crawl Stone Soup version 0.32-a0-900-g30fb1b0edc (webtiles) character file.

Game seed: 11896527889902750761

373 PriceMaster the Gusty (level 6, -3/32 HPs)
             Began as a Tengu Air Elementalist on Apr 5, 2024.
             Was a Follower of Vehumet.
             Slain by a gnoll
             ... wielding a +2 halberd of distortion
              (7 damage)
             ... on level 3 of the Dungeon.
             The game lasted 00:06:01 (3615 turns).

PriceMaster the Gusty (Tengu Air Elementalist)      Turns: 3615, Time: 00:06:03

Health: -3/32      AC:  2    Str:  8    XL:     6   Next: 72%
Magic:  1/12       EV: 13    Int: 17    God:    Vehumet [*.....]
Gold:   91         SH:  0    Dex: 21    Spells: 0/11 levels left

rFire   . . .        h - +2 short sword (venom)
rCold   . . .        b - orb {*channel}
rNeg    + + .        m - +0 robe of Analysis {rN++}
rPois   .            (helmet restricted)
rElec   .            (no cloak)
rCorr   +            (no gloves)
SInv    .            (boots unavailable)
Will    .....        l - amulet of regeneration
Stlth   ++           c - ring of resist corrosion
HPRegen 1.05/turn    e - +6 ring of dexterity
MPRegen 0.13/turn

%: acrobat, channel magic (20%)
@: swift, attractive, quick
A: beak, talons 3, acrobatic
a: Renounce Religion


You were on level 3 of the Dungeon.
You worshipped Vehumet.
Vehumet was aware of your devotion.
You visited 1 branch of the dungeon, and saw 3 of its levels.

You collected 91 gold pieces.

Inventory:

Hand Weapons
 f - a +1 dagger
 h - a +2 short sword of venom (weapon)
 o - a +0 whip of draining
Armour
 a - a +2 robe
 b - an orb of energy (worn)
 m - the +0 robe of Analysis (worn) {rN++}
   (You found it on level 3 of the Dungeon)

   rN++:      It greatly protects you from negative energy.
Jewellery
 c - a ring of resist corrosion (left hand)
 e - a +6 ring of dexterity (right hand)
 l - an amulet of regeneration (around neck)
Scrolls
 g - 2 scrolls of identify {unknown}
 i - a scroll of poison {unknown}
 j - a scroll of teleportation {unknown}
 k - a scroll of blinking


   Skills:
 + Level 0.2 Fighting
 + Level 0.3 Short Blades
 * Level 3.3 Dodging
 + Level 2.1 Stealth
 + Level 3.4 Spellcasting
 * Level 4.7 Conjurations
 * Level 6.4 Air Magic


You couldn't memorise any spells.
You knew the following spells:

 Your Spells              Type           Power      Damage    Failure   Level
a - Shock                 Conj/Air       84%        1d8       7%          1
b - Static Discharge      Conj/Air       42%        3-5/arc   10%         2
c - Slow                  Hex            12%        N/A       36%         1
d - Airstrike             Air            12%        2d(2-18)  28%         4
e - Swiftness             Air            24%        N/A       12%         3

Your spell library contained the following spells:

 Spells                   Type           Power      Damage    Failure   Level
 Sting                    Conj/Alch      40%        1d5       17%         1
 Momentum Strike          Conj/Tloc      20%        3d8       24%         2
 Blink                    Tloc           4%         N/A       47%         2
 Lesser Beckoning         Tloc           4%         N/A       47%         2
 Call Canine Familiar     Summ           2%         N/A       67%         3
 Confusing Touch          Hex            3%         N/A       67%         3
 Sigil of Binding         Hex            3%         N/A       67%         3
 Vampiric Draining        Necr           2%         2d6       67%         3
 Dimensional Bullseye     Hex/Tloc       1%         N/A       95%         4


Dungeon Overview and Level Annotations

Branches:
Dungeon (3/15)

Altars:
Gozag
Sif Muna
Vehumet

Portals:
Abyss: D:3

Annotations:
D:1 1 transporter
D:3 1 transporter, EvilEddieB's ghost, amateur DsNe


Innate Abilities, Weirdness & Mutations

You have a beak for a mouth.
You have claws for feet.
You can magically evade attacks while moving or waiting.


Message History

Casting: Shock (safe; 7% risk of failure)
Confirm with . or Enter, or press ? or * to list all spells.
Aiming: Shock (safe; 7% risk of failure)
Press: ? - help, Shift-Dir - straight line, f/p - gnoll
Aim: a gnoll, wielding a +2 halberd of distortion (translocational energy, 77% to hit)
The zap misses the small abomination.
The zap hits the gnoll.
The gnoll is lightly wounded.
The gnoll misses you.
The small abomination completely misses you.
Casting: Shock (safe; 7% risk of failure)
Confirm with . or Enter, or press ? or * to list all spells.
Aiming: Shock (safe; 7% risk of failure)
Press: ? - help, Shift-Dir - straight line, f/p - gnoll
Aim: a gnoll, wielding a +2 halberd of distortion (translocational energy, lightly wounded, 77% to hit)
The zap hits the small abomination.
The small abomination is severely damaged.
The zap hits the gnoll.
The gnoll is lightly wounded.
The gnoll closely misses you.
The small abomination barely misses you.
Your magical contamination has completely faded away.
You hit the small abomination but do no damage.
Your kick misses the small abomination.
You peck the small abomination, but do no damage.
The small abomination is severely damaged.
The small abomination hits you!!
Ouch! That really hurt!
* * * LOW HITPOINT WARNING * * *
The gnoll closely misses you.
You feel better.
The small abomination closely misses you.
The gnoll barely misses you.
The small abomination completely misses you.
You hit the small abomination but do no damage.
You claw the small abomination.
The small abomination is severely damaged.
The gnoll hits you from afar with a +2 halberd of distortion!
* * * LOW HITPOINT WARNING * * *
Space warps around you!
You die...

....# #....##.#.#......####.###
....# # ##©### ∩ ##.).#### #.# #
...##.## ###...###....# #.# #
...#©(.# ... #/#......# #.# #
#).##.#.#.#.##.##....## #.# #
#)..## .....?#.##...# #.# #)...#
##.####g#.##..########.# .)..##
.##..#5x..#..##.....^.#
#)()#..###...###@##..##.####..#
....####.......###..)##.####..###
..........................##.....
.....................#.....##.###
.######.#.....########........# #
.# #....#### #....†###### .#
####.# #..#.## ##. .#########.##
#..#.#####.. ............##
#..#........


You could see a small abomination, an iron imp and a gnoll.

Vanquished Creatures
  Sigmund (D:3)
  An iron imp (D:3)
  Jessica (D:2)
  Robin (D:3)
  7 adders
  2 dart slugs (D:1)
  9 orcs
  4 ball pythons
  8 endoplasms
  4 giant cockroaches
  12 goblins
  10 hobgoblins
  6 kobolds
  A quokka (D:1)
  5 bats
  10 frilled lizards
  3 rats (D:1)
85 creatures vanquished.

Notes
Turn   | Place    | Note
-------+----------+-------------------------------------------
     0 | D:1      | PriceMaster the Tengu Air Elementalist began the quest for
                  | the Orb.
     0 | D:1      | Reached XP level 1. HP: 10/10 MP: 4/4
   236 | D:1      | Reached XP level 2. HP: 15/15 MP: 3/6
   468 | D:1      | Learned a level 2 spell: Static Discharge
   470 | D:1      | Learned a level 1 spell: Slow
   604 | D:1      | Reached XP level 3. HP: 17/19 MP: 0/7
  1328 | D:2      | Found a radiant altar of Vehumet.
  1360 | D:2      | Became a worshipper of Vehumet
  1510 | D:2      | Noticed Jessica
  1520 | D:2      | Killed Jessica
  1521 | D:2      | Reached XP level 4. HP: 24/24 MP: 2/9
  1789 | D:2      | Reached skill level 5 in Air Magic
  2339 | D:3      | Noticed Sigmund
  2402 | D:3      | Reached XP level 5. HP: 28/28 MP: 4/10
  2475 | D:3      | Found a transporter.
  2523 | D:3      | Found a one-way gate to the infinite horrors of the Abyss.
  2523 | D:3      | Noticed EvilEddieB's ghost (amateur DsNe)
  2531 | D:3      | Reached * piety under Vehumet
  2531 | D:3      | Offered knowledge of Sting by Vehumet.
  2553 | D:3      | Killed Sigmund
  2554 | D:3      | Reached skill level 6 in Air Magic
  2554 | D:3      | Reached XP level 6. HP: 22/32 MP: 4/11
  2734 | D:3      | Found an opulent altar of Gozag.
  2860 | D:3      | Found a shimmering blue altar of Sif Muna.
  3000 | D:3      | Identified the +0 robe of Analysis {rN++}
  3126 | D:3      | Noticed Robin
  3133 | D:3      | Killed Robin
  3246 | D:3      | Found a transporter.
  3248 | D:3      | Noticed an ancient zyme
  3476 | D:3      | Learned a level 4 spell: Airstrike
  3599 | D:3      | Learned a level 3 spell: Swiftness
  3615 | D:3      | Slain by a gnoll

Illustrated notes

Levels and vault maps discovered:
D:1:      spicycebolla_arrival_risky_transporter, layout_basic
D:2:      layout_loops_corners, basic_altar, serial_rivers,
          chequers_serial_rivers_micro_e, chequers_serial_rivers_micro_c,
          chequers_serial_rivers_room_a, chequers_serial_rivers_room_b,
          uniq_jessica
D:3:      layout_loops_ring, mainiacjoe_overflow_boulevard,
          mainiacjoe_overflow_tiny_flanked, gammafunk_ghost_abyssal_escape,
          uniq_sigmund, uniq_robin

Skill      XL: |  1  2  3  4  5  6 |
---------------+-------------------+-----
Conjurations   | 2 3 4 |  4.7
Air Magic      | 5 6 |  6.4
Dodging        | 3 |  3.3
Spellcasting   | 3 |  3.4
Fighting       | |  0.2
Short Blades   | |  0.3
Stealth        | |  2.1

Action                     |  1- 3 |  4- 6 || total
---------------------------+-------+-------++-------
  Melee: Unarmed           |     1 |       ||     1
         Dagger            |     8 |     5 ||    13
         Peck              |     3 |     4 ||     7
         Kick              |     2 |     7 ||     9
         Short sword       |       |    18 ||    18
   Cast: Shock             |    66 |   106 ||   172
         Slow              |     4 |       ||     4
         Airstrike         |       |     3 ||     3
         Swiftness         |       |     1 ||     1
    Use: Potion            |     1 |     5 ||     6
         Scroll            |     3 |       ||     3
   Stab: Sleeping          |       |     1 ||     1
 Armour: Robe              |     9 |    29 ||    38
         Skin              |       |     2 ||     2
  Dodge: Dodged            |    12 |    39 ||    51

Table legend: (Time is in decaauts)
 A = Elapsed time spent in this place.
 B = Non-inter-level travel time spent in this place.
 C = Inter-level travel time spent in this place.
 D = Time resting spent in this place.
 E = Time spent auto-exploring this place.
 F = Levels seen in this place.
 G = Mean time per level.
                   A        B        C        D        E       F      G
               +--------+--------+--------+--------+--------+-----+--------+
         Total |   3614 |   3449 |    165 |    104 |   2856 |   3 | 1204.7 |
       Dungeon |   3614 |   3449 |    165 |    104 |   2856 |   3 | 1204.7 |
               +--------+--------+--------+--------+--------+-----+--------+

Top non-repeatable levels by time:
     D:3: 1252 daAuts
     D:1: 1240 daAuts
     D:2: 1122 daAuts
